 Dungeon Crawl Stone Soup version 0.17.0-56-gd8de76c (webtiles) character file.

143 Gargoyl the Skirmisher (level 5, 0/42 HPs)
             Began as a Demonspawn Abyssal Knight on Dec 5, 2015.
             Was a Believer of Lugonu.
             Killed from afar by an orc wizard (6 damage)
             ... with a magic dart
             ... on level 3 of the Dungeon.
             The game lasted 00:04:23 (2382 turns).

Gargoyl the Skirmisher (Demonspawn Abyssal Knight)  Turns: 2382, Time: 00:04:23

Health: 0/42       AC: 10    Str: 13    XL:     5   Next: 4%
Magic:  7/7        EV:  9    Int: 14    God:    Lugonu [**....]
Gold:   114        SH:  0    Dex: 12    Spells: 0 memorised, 4 levels left

rFire  . . .     SeeInvis .     a - +1 hand axe
rCold  . . .     Clarity  .     b - +1 scale mail
rNeg   . . .     SustAt   .     (no shield)
rPois  .         Gourm    .     (helmet restricted)
rElec  .         Spirit   .     (no cloak)
rCorr  .         Warding  .     (no gloves)
rMut   .         Stasis   .     (no boots)
MR     .....                    (no amulet)
Stlth  ..........               (no ring)
                                (no ring)

@: invisible, not resistant to hostile enchantments, extremely unstealthy
A: antennae 1, slimy green scales 2
a: Depart the Abyss, Bend Space, Renounce Religion


You were on level 3 of the Dungeon.
You worshipped Lugonu.
Lugonu was pleased with you.
You were hungry.

You visited 1 branch of the dungeon, and saw 3 of its levels.
You visited the Abyss 1 time.

You collected 114 gold pieces.

Inventory:

Hand Weapons
 a - a +1 hand axe (weapon)
Armour
 b - a +1 scale mail (worn)
Scrolls
 f - a scroll of magic mapping
 i - a scroll of immolation {unknown}
 j - 3 scrolls of remove curse
Potions
 d - a potion of invisibility
 e - a potion of lignification
 g - a potion of heal wounds {unknown}
 h - 2 potions of poison {unknown}
Comestibles
 c - a bread ration
 k - a meat ration


   Skills:
 + Level 3.7 Fighting
 + Level 2.3 Axes
 + Level 2.9 Armour
 + Level 2.1 Dodging
 + Level 3.3 Invocations


You had 4 spell levels left.
You didn't know any spells.

Dungeon Overview and Level Annotations

Branches:
Dungeon (3/15)

Altars:


Innate Abilities, Weirdness & Mutations

You have a pair of small antennae on your head.
You are mostly covered in slimy green scales (AC +3).


Message History

The orc wizard is moderately wounded.
The orc wizard hits you but does no damage.
You barely miss the orc wizard.
The orc wizard is moderately wounded.
The orc wizard hits you but does no damage. x2
You barely miss the orc wizard.
The orc wizard is moderately wounded.
The orc wizard barely misses you.
You barely miss the orc wizard.
The orc wizard is moderately wounded.
The orc wizard casts a spell at you. The magic dart hits you!
* * * LOW HITPOINT WARNING * * *
The orc wizard closely misses you.
Drink which item? (? for menu, Esc to quit)
It was a potion of invisibility.
You fade into invisibility!
The orc wizard gestures at you while chanting.
The magic dart hits you!
You die...

# #.# #.# **.##,***,*,,,,
########.# #.####...#,,,,,,,,,,
(........#####......#,,,,,,,,,,,,
######....)......##...#*,**,***,*
####..####.###.#**,*##,**,* *,*
#.....# #)###.###....,,,,* *,*
#.###.# #............,******,*
#.# #.# #####.#######,**,,,,,,
###.###.## #@# *,**,*****
.........# #o# *,**,* ###..##..#
#.# *,**,* # #..##..###***#.#
*,**,* # #..##.)...,,,.)# *,**,*
#.†.......,,,..# *,**,*
##.###.####**#.# *,**,*
####.###.##****#.#******,**,*
#...........>,,,,**,,,,,,**,*


You could see an orc wizard.

Vanquished Creatures
  2 orc priests (D:3)
  Jessica (D:2)
  An adder (D:3)
  2 orcs (D:3)
  4 bats (D:2)
  9 goblins
  5 hobgoblins
  A giant newt (D:1)
  11 jackals
  4 kobolds
  5 rats
45 creatures vanquished.

Notes
Turn   | Place    | Note
--------------------------------------------------------------
     0 | Abyss:1  | Gargoyl the Demonspawn Abyssal Knight began the quest for the Orb.
     0 | Abyss:1  | Reached XP level 1. HP: 18/18 MP: 2/2
     0 | Abyss:1  | Noticed a crimson imp
    12 | D:1      | Escaped the Abyss
   465 | D:1      | Gained mutation: You are partially covered in slimy green scales (AC +2). [demonic ancestry]
   465 | D:1      | Reached XP level 2. HP: 21/24 MP: 3/3
   662 | D:1      | You fall through a shaft!
   758 | D:1      | Reached * piety under Lugonu
  1469 | D:2      | Noticed Jessica
  1480 | D:2      | Killed Jessica
  1480 | D:2      | Reached skill level 1 in Dodging
  1480 | D:2      | Gained mutation: You have a pair of small antennae on your head. [demonic ancestry]
  1480 | D:2      | Reached XP level 3. HP: 29/29 MP: 5/5
  2156 | D:3      | Gained mutation: You are mostly covered in slimy green scales (AC +3). [demonic ancestry]
  2156 | D:3      | Reached XP level 4. HP: 32/36 MP: 6/6
  2357 | D:3      | Reached ** piety under Lugonu
  2372 | D:3      | Reached XP level 5. HP: 21/42 MP: 7/7
  2382 | D:3      | Killed from afar by an orc wizard

Action                   |  1- 3 |  4- 6 || total
-------------------------+-------+-------++-------
Melee: Hand axe          |   109 |    44 ||   153
Invok: Depart the Abyss  |     1 |       ||     1
  Use: Scroll            |     1 |     3 ||     4
       Potion            |       |     2 ||     2
  Eat: Bread ration      |     1 |       ||     1
